 Dungeon Crawl Stone Soup version 0.18.1-48-g4cf74bf (webtiles) character file.

54 MistressOfTheDunes the Insei (level 3, -11/29 HPs)
             Began as a Mummy Monk on June 25, 2016.
             Mangled by a gnoll
             ... wielding a +2 vampiric halberd
              (16 damage)
             ... on level 3 of the Dungeon.
             The game lasted 00:01:57 (2681 turns).

MistressOfTheDunes the Insei (Mummy Monk)           Turns: 2681, Time: 00:01:57

Health: -11/29     AC: -2    Str: 14    XL:     3   Next: 66%
Magic:  3/3        EV: 13    Int:  9    God:
Gold:   120        SH:  0    Dex: 15    Spells: 0 memorised, 2 levels left

rFire  . . .     SeeInvis .       - Unarmed
rCold  . . .     Gourm    .     (no armour)
rNeg   + + +     Faith    .     (no shield)
rPois  ∞         Spirit   .     (no helmet)
rElec  .         Dismiss  .     (no cloak)
rCorr  .         Reflect  .     a - +0 pair of gloves
SustAt .         Harm     .     (no boots)
MR     .....                    (no amulet)
Stlth  ++........               g - ring of fire
                                f - -3 ring of protection (curse)

@: not resistant to hostile enchantments, unstealthy
A: no food or potions, fire vulnerability, cold resistance 1, negative energy
resistance 3, torment resistance, unbreathing
a: no special abilities


You were on level 3 of the Dungeon.
You were not hungry.

You visited 1 branch of the dungeon, and saw 3 of its levels.

You collected 120 gold pieces.


Innate Abilities, Weirdness & Mutations

You do not eat or drink.
Your flesh is vulnerable to fire.
You are immune to poison.
Your flesh is cold resistant.
You are immune to negative energy.
You are immune to unholy pain and torment.
You can survive without breathing.


   Skills:
 - Level 3.0 Fighting
 - Level 2.4 Dodging
 - Level 1.5 Stealth
 + Level 4.4 Unarmed Combat


You had 2 spell levels left.
You didn't know any spells.

Inventory:

Armour
 a - a +0 pair of gloves (worn)
Jewellery
 f - a cursed -3 ring of protection (left hand)
 g - a ring of fire (right hand)
Scrolls
 b - a scroll of fog {unknown}
 c - a scroll of enchant weapon {unknown}
 d - a scroll of amnesia {unknown}
 e - a scroll of teleportation {unknown}
 h - a scroll of fear {unknown}

Dungeon Overview and Level Annotations

Branches:
Dungeon (3/15)

Altars:
Gozag
Kikubaaqudgha

..... .... ▒... ▒....▒
▒▒g..▒▒▒....▒
+......▒....▒
▒....g.▒....▒
▒...g..▒....▒
▒....M.▒....▒ ▒▒▒▒▒▒
▒......▒....▒ ▒▒▒.....
▒......▒....▒▒▒.......
▒........%....▒.......
........................
..8.............▒......▒
.8.8..▒▒▒.......+.......
8._.8. .........▒.......
.8.8...▒▒▒▒▒▒▒▒▒▒▒▒▒▒▒▒.


You could see 3 gnolls.


Message History

The gnoll shouts!!!
The giant newt bites you!
You miss the giant newt! The giant newt bites you!
You barely miss the giant newt! The giant newt barely misses you!
A gnoll comes into view! It is wielding a whip!
The gnoll shouts!!!
You pummel the giant newt like a punching bag!
You annihilate the giant newt!!!
The gnoll throws a throwing net!
The throwing net hits you!
You become entangled in the net!!!
You try to slip out of the net!
The gnoll hits you with a club!!! * * * don't die
* * * You are too injured to fight recklessly!!!
You are too injured to fight recklessly!!!
You are too injured to fight recklessly!!!
You are too injured to fight recklessly!!!
You are too injured to fight recklessly!!!
You are too injured to fight recklessly!!!
There are monsters nearby!!!
There are monsters nearby!!!
Unknown command!
You struggle against the net!
The gnoll hits you with a club! * * * don't die
* * * You tear a large gash into the net!
The gnoll barely misses you!
The gnoll hits you with a club!!! * * * don't die
* * * You shred the net and break free!!!
The gnoll hits you from afar with a vampiric halberd!!!
DANG rip

Action                   || total
-------------------------++-------
Melee: Unarmed           ||   135
       Punch             ||     3
Armor: Skin              ||     5
Dodge: Dodged            ||    89

Vault maps used:
D:1:      eino_arrival_water_star, minivault_11
D:2:      kennysheep_big_flooded_room, overflow_temple_1_default,
          old_standard_altar, serial_bayou, serial_bayou_pond_b,
          serial_bayou_pond_a, serial_bayou_lagoon_a, serial_bayou_shore_a,
          nicolae_gozag_seed_capital
D:3:      marbit_many_paths, ecumenical_altar_2, grunt_ministairs_2,
          uniq_natasha

Notes
Turn   | Place    | Note
--------------------------------------------------------------
     0 | D:1      | MistressOfTheDunes the Mummy Monk began the quest for the Orb.
     0 | D:1      | Reached XP level 1. HP: 18/18 MP: 1/1
   400 | D:1      | Reached XP level 2. HP: 10/24 MP: 2/2
   983 | D:2      | Reached skill level 4 in Unarmed Combat
  1097 | D:2      | Found an opulent altar of Gozag.
  1384 | D:2      | Reached XP level 3. HP: 14/29 MP: 3/3
  1987 | D:2      | Found an opulent altar of Gozag.
  2411 | D:2      | Found an ancient bone altar of Kikubaaqudgha.
  2670 | D:3      | Found a faded altar to an unknown god.
  2681 | D:3      | Mangled by a gnoll

Vanquished Creatures
  An adder (D:2)
  2 worms (D:2)
  2 giant geckos
  7 bats
  4 giant cockroaches
  2 goblins
  2 hobgoblins (D:2)
  12 kobolds
  2 giant newts
  3 rats (D:1)
37 creatures vanquished.
